 Dungeon Crawl Stone Soup version 0.17-a0-1411-g06ff558 (webtiles) character file.

62 abixa the Chopper (level 3, -2/30 HPs)
             Began as a Minotaur Gladiator on June 23, 2015.
             Slain by a gnoll
             ... wielding a +0 spear
              (8 damage)
             ... on level 3 of the Dungeon.
             The game lasted 00:03:35 (1604 turns).

abixa the Chopper (Minotaur Gladiator)              Turns: 1604, Time: 00:03:35

Health: -2/30      AC:  5    Str: 19    XL:     3   Next: 85%
Magic:  2/2        EV: 11    Int:  5    God:
Gold:   123        SH:  0    Dex: 11    Spells: 0 memorised, 2 levels left

rFire  . . .     SeeInvis .     a - +0 war axe
rCold  . . .     Clarity  .     k - +0 ring mail
rNeg   + . .     SustAt   .     (no shield)
rPois  .         Gourm    .     c - +0 hat
rElec  .         Spirit   .     (no cloak)
rCorr  .         Warding  .     (no gloves)
rMut   .         Stasis   .     (no boots)
MR     .....                    E - amulet of rage
Stlth  +.........               B - ring of flight
                                r - ring of positive energy

@: not resistant to hostile enchantments, very unstealthy
A: retaliatory headbutt, horns 2
a: Evoke Berserk Rage, Evoke Flight


You were on level 3 of the Dungeon.
You were not hungry.

You visited 1 branch of the dungeon, and saw 3 of its levels.

You collected 123 gold pieces.

Inventory:

Hand weapons
 a - a +0 war axe (weapon)
 f - a +0 hunting sling
Missiles
 d - 3 throwing nets
 i - 6 tomahawks
 l - 43 sling bullets
 n - 61 stones (quivered)
 p - 12 bolts
Armour
 b - a +0 leather armour
 c - a +0 hat (worn)
 k - a +0 ring mail (worn)
Jewellery
 r - a ring of positive energy (left hand)
 B - a ring of flight (right hand)
 E - an amulet of rage (around neck)
Magical devices
 y - a wand of frost (24)
 C - a wand of digging (13)
 D - a wand of magic darts (24)
Scrolls
 h - a scroll of enchant weapon {unknown}
 m - 2 scrolls of identify {unknown}
 o - 2 scrolls of enchant armour {unknown}
 q - 2 scrolls of immolation {unknown}
 t - a scroll of fog {unknown}
 w - a scroll of fear {unknown}
 F - a scroll of teleportation {unknown}
Potions
 j - a potion of mutation {unknown}
 s - 2 potions of haste {unknown}
 v - a potion of brilliance {unknown}
 x - a potion of agility {unknown}
 z - a potion of heal wounds {unknown}
Comestibles
 e - 3 bread rations
 g - a beef jerky
 u - 2 fruits
 A - 2 meat rations


   Skills:
 - Level 2.4 Fighting
 + Level 5.8 Axes
 - Level 2.0 Throwing
 - Level 3.2 Dodging


You had 2 spell levels left.
You didn't know any spells.

Dungeon Overview and Level Annotations

Branches:
Dungeon (3/15)

Altars:
Ashenzari
Elyvilon
Xom


Innate Abilities, Weirdness & Mutations

You reflexively headbutt those who attack you in melee.
You have a pair of horns on your head.


Message History

The gnoll is almost dead.
The gnoll closely misses you. The gnoll misses you.
You barely miss the gnoll. You headbutt the gnoll.
You kill the gnoll!
The gnoll hits you from afar with a spear.
The gnoll hits you but does no damage. x2
Things that are here:
a club; a gnoll corpse You barely miss the gnoll.
Your headbutt misses the gnoll. The gnoll misses you.
The gnoll hits you with a spear.
You hit the gnoll.
The gnoll is lightly wounded.
The gnoll barely misses you. x2
The gnoll closely misses you.
You slash the gnoll!
You kill the gnoll!
The gnoll hits you from afar with a spear!
* * * LOW HITPOINT WARNING * * *
The gnoll hits you with a spear!
You die...

####†.# #.##.##### #[...##
#.##.#.... #.#### #.##>.....
##.# #.##.#...# #..#
#.#..##.## #.## #...###... .
#.# ##.## #### ... #)# #.# #
....# ##@# ######.#######
......###.g####.............
....(.g(.........########...
.(..##.####...... .####..##
. #. ...... .......... #.
...... ..######## ## ###...
###


You could see a gnoll.

Vanquished Creatures
  2 gnolls (D:3)
  An adder (D:2)
  A giant gecko (D:1)
  4 bats (D:1)
  3 giant cockroaches (D:1)
  4 goblins
  6 hobgoblins (D:1)
  5 kobolds (D:1)
  A quokka (D:3)
  A giant newt (D:3)
  5 rats
33 creatures vanquished.

Notes
Turn   | Place    | Note
--------------------------------------------------------------
     0 | D:1      | abixa the Minotaur Gladiator began the quest for the Orb.
     0 | D:1      | Reached XP level 1. HP: 18/18 MP: 0/0
   154 | D:1      | Reached skill level 4 in Axes
   197 | D:1      | Reached XP level 2. HP: 23/25 MP: 1/1
   479 | D:1      | Reached skill level 5 in Axes
   768 | D:2      | Found a faded altar to an unknown god.
   811 | D:2      | Reached XP level 3. HP: 30/30 MP: 2/2
  1101 | D:2      | Found a shattered altar of Ashenzari.
  1384 | D:3      | Found a shimmering altar of Xom.
  1384 | D:3      | Found a white marble altar of Elyvilon.
  1604 | D:3      | Slain by a gnoll

Vault maps used:
D:1:      minmay_arrival_open_corners
D:2:      first_bread, ecumenical_altar_1, nicolae_ashenzari_panopticon
D:3:      lemuel_doored_altar, amethyst_overflow_temple_binary

Action                   || total
-------------------------++-------
Melee: War axe           ||    66
Throw: Stone             ||    10
 Stab: Distracted        ||     1
  Eat: Chunk             ||     2
